 Dungeon Crawl Stone Soup version 0.30.0 (webtiles) character file.

Game seed: 5127077581398003515

751 jasper the Chopper (level 7, -1/57 HPs)
             Began as a Hill Orc Cinder Acolyte on May 6, 2023.
             Was an Elder of Ignis.
             Slain by a gnoll
             ... wielding a +0 spear
              (6 damage)
             ... on level 5 of the Dungeon.
             The game lasted 00:05:26 (3725 turns).

jasper the Chopper (Hill Orc Cinder Acolyte)        Turns: 3725, Time: 00:05:26

Health: -1/57      AC:  8    Str: 25    XL:     7   Next: 78%
Magic:  8/8        EV:  9    Int: 11    God:    Ignis [****..]
Gold:   98         SH:  0    Dex:  6    Spells: 8/8 levels left

rFire   + . .        t - +7 mace of Hacking and Slashing {pain, Fly rCorr Int-3 Stlth+}
rCold   . . .        (no shield)
rNeg    . . .        v - +0 scale mail
rPois   +            (no helmet)
rElec   .            i - +0 cloak
rCorr   +            (no gloves)
SInv    .            q - +0 pair of boots
Will    +....        k - amulet of the acrobat
Stlth   +            p - ring "Yleuxat" {Contam +Blink rPois Will+ Str+6}
HPRegen 0.29/turn    (no ring)
MPRegen 0.11/turn

%: acrobat
@: lethally poisoned (-1 -> -2), flying
A: no striking features
a: Renounce Religion, Evoke Blink, Fiery Armour, Foxfire Swarm, Rising Flame


You were on level 5 of the Dungeon.
You worshipped Ignis.
Ignis was greatly pleased with you.
You visited 1 branch of the dungeon, and saw 5 of its levels.

You collected 171 gold pieces.
You spent 73 gold pieces at shops.

Inventory:

Hand Weapons
 a - a -1 hand axe of flaming
 r - a +0 war axe
 t - the +7 mace of Hacking and Slashing (weapon) {pain, Fly rCorr Int-3 Stlth+}
   (You found it on level 3 of the Dungeon)

   Int:       It affects your intelligence (-3).
   Fly:       It grants you flight.
   rCorr:     It protects you from acid and corrosion.
   Stlth:     It makes you more stealthy.
Missiles
 n - 4 javelins
 o - 23 stones (quivered)
Armour
 b - a +0 robe
 f - a +0 leather armour
 i - a +0 cloak (worn)
 q - a +0 pair of boots (worn)
 v - a +0 scale mail (worn)
 y - a +0 cloak
Jewellery
 k - an amulet of the acrobat (around neck)
 p - the ring "Yleuxat" (left hand) {Contam +Blink rPois Will+ Str+6}
   (You found it on level 2 of the Dungeon)

   [ring of strength]

   Str:       It affects your strength (+6).
   rPois:     It protects you from poison.
   +Blink:    It lets you blink.
   Contam:    It causes magical contamination when unequipped.
   Will:      It increases your willpower.
 w - a ring of resist corrosion
Scrolls
 d - a scroll of summoning {unknown}
 e - 2 scrolls of amnesia {unknown}
 h - a scroll of immolation {unknown}
 j - 2 scrolls of teleportation {unknown}
 l - 7 scrolls of identify {unknown}
 s - a scroll of magic mapping {unknown}
 B - a scroll of blinking {unknown}
Potions
 c - 2 potions of berserk rage {unknown}
 g - 2 potions of attraction {unknown}
 m - 2 potions of curing {unknown}
 u - a potion of lignification {unknown}
 x - a potion of mutation {unknown}
 z - a potion of flight {unknown}
 A - a potion of heal wounds {unknown}


   Skills:
 - Level 3.6 Fighting
 - Level 7.1 Axes
 - Level 1.0 Spellcasting
 - Level 3.2 Fire Magic
 + Level 6.9 Evocations


You had 8 spell levels left.
You didn't know any spells.
Your spell library contained the following spells:

 Spells                   Type           Power      Damage    Failure   Level
 Scorch                   Fire           14%        2d5       30%         2
 Ensorcelled Hibernation  Hex/Ice        0%         N/A       75%         2
 Sublimation of Blood     Necr           0%         N/A       75%         2
 Spider Form              Tmut/Pois      0%         N/A       93%         3
 Anguish                  Hex/Necr       0%         N/A       100%        4
 Manifold Assault         Tloc           0%         N/A       100%        4
 Petrify                  Tmut/Erth      0%         N/A       100%        4
 Blade Hands              Tmut           0%         N/A       100%        5
 Irradiate                Conj/Tmut      0%         3d11      100%        5
 Dispersal                Tloc           0%         N/A       100%        6
 Dragon Form              Tmut           0%         N/A       100%        7
 Disjunction              Tloc           0%         N/A       100%        8


Dungeon Overview and Level Annotations

Branches:
Dungeon (5/15)
 Temple: D:4-7

Altars:
Cheibriados
Elyvilon
Makhleb

Shops:
D:2 (


Message History

The gnoll hits you from afar with a +0 spear.
You sock the scorpion!
The scorpion is moderately wounded.
The scorpion stings you.
The gnoll hits you from afar with a +0 spear.
The gnoll barely misses you. x2
The scorpion stings you but does no damage.
You sock the scorpion!
The scorpion is severely wounded.
The scorpion stings you.
You are poisoned.
The scorpion poisons you!
The gnoll hits you from afar with a +0 spear.
The gnoll closely misses you.
You sock the scorpion!
You kill the scorpion!
You feel very sick. The gnoll hits you but does no damage.
The gnoll barely misses you.
You swing at nothing.
You feel sick. The gnoll barely misses you.
The gnoll hits you from afar with a +0 spear.
You swing at nothing.
You feel sick. The gnoll hits you but does no damage.
The gnoll hits you from afar with a +0 spear.
You feel sick. The gnoll completely misses you. The gnoll misses you.
Things that are here:
a +0 flail; a scorpion corpse You sock the gnoll!
The gnoll is heavily wounded.
You feel sick. The gnoll hits you with a +0 spear.
* * * LOW HITPOINT WARNING * * *
The gnoll hits you with a +0 spear.
* * * LOW HITPOINT WARNING * * *
A hound comes into view.
The gnoll hits you with a +0 spear.
* * * LOW HITPOINT WARNING * * *
The gnoll hits you but does no damage.
The hound barks!
You sock the gnoll!
You kill the gnoll!
You feel sick. The gnoll hits you with a +0 spear.
You die...

.[...........#
.............#
#...........#
#.........#
#..<.h...#
####.....#
##.#### #gg#
##@# #.# ##.#
.# .# #. . ..
#.


You could see a hound and 2 gnolls.

Vanquished Creatures
  Grinder (D:3)
  Eustachio (D:4)
  A phantom (D:2)
  A necrophage (D:4)
  A scorpion (D:5)
  Crazy Yiuf (D:3)
  Jessica (D:3)
  A hound skeleton (D:4)
  2 gnolls (D:5)
  5 adders
  An ufetubus (D:4)
  4 worms
  4 dart slugs
  2 orcs (D:3)
  2 endoplasms
  7 giant cockroaches
  6 goblins
  2 hobgoblins (D:1)
  5 quokkas
  8 ball pythons
  3 bats
  A frilled lizard (D:1)
  7 kobolds
  4 rats
71 creatures vanquished.

Notes
Turn   | Place    | Note
-------+----------+-------------------------------------------
     0 | D:1      | jasper the Hill Orc Cinder Acolyte began the quest for the
                  | Orb.
     0 | D:1      | Reached XP level 1. HP: 19/19 MP: 2/2
   362 | D:1      | Reached XP level 2. HP: 23/26 MP: 3/3
   531 | D:1      | Reached skill level 5 in Axes
   880 | D:1      | Reached XP level 3. HP: 31/31 MP: 4/4
  1218 | D:2      | Noticed a phantom
  1224 | D:2      | Killed a phantom
  1225 | D:2      | Reached skill level 7 in Axes
  1225 | D:2      | Reached XP level 4. HP: 32/39 MP: 5/5
  1481 | D:2      | Identified the ring "Yleuxat" {Contam +Blink rPois Will+
                  | Str+6}
  1755 | D:2      | Found Yril's Antique Weapon Boutique.
  1881 | D:2      | Bought a war axe for 73 gold pieces
  2031 | D:3      | Reached XP level 5. HP: 45/45 MP: 6/6
  2043 | D:3      | Reached skill level 1 in Evocations
  2102 | D:3      | Identified the +7 mace of Hacking and Slashing {pain, Fly
                  | rCorr Int-3 Stlth+}
  2139 | D:3      | Found a runed translucent door.
  2213 | D:3      | Found a snail-covered altar of Cheibriados.
  2616 | D:3      | Noticed Jessica
  2630 | D:3      | Killed Jessica
  2823 | D:3      | Noticed Grinder
  2833 | D:3      | Killed Grinder
  2834 | D:3      | Reached XP level 6. HP: 51/51 MP: 7/7
  2936 | D:3      | Noticed Crazy Yiuf
  2942 | D:3      | Killed Crazy Yiuf
  2943 | D:3      | Reached skill level 5 in Evocations
  2943 | D:3      | Reached XP level 7. HP: 57/57 MP: 8/8
  2998 | D:4      | Found a white marble altar of Elyvilon.
  3030 | D:4      | Noticed Eustachio
  3049 | D:4      | Killed Eustachio
  3421 | D:4      | Found a burning altar of Makhleb.
  3708 | D:5      | Entered Level 5 of the Dungeon
  3725 | D:5      | Slain by a gnoll

Illustrated notes

Levels and vault maps discovered:
D:1:      dpeg_arrival_signposts, layout_loops_corners
D:2:      layout_loops_cross, serial_shops, shop
D:3:      layout_basic, mainiacjoe_overflow_catwalk, grunt_ministairs_10,
          uniq_crazy_yiuf_cottage, uniq_jessica, uniq_grinder
D:4:      layout_loops_cross, makhleb_blood_cavern_becter,
          mainiacjoe_overflow_six_doors_small, uniq_eustachio
D:5:      layout_cave_pods

Skill      XL: |  1  2  3  4  5  6  7 |
---------------+----------------------+-----
Axes           | 5 7 |  7.1
Evocations     | 4 5 6 |  6.9
Fighting       | |  3.6
Spellcasting   | |  1.0
Fire Magic     | |  3.2

Action                     |  1- 3 |  4- 6 |  7- 9 || total
---------------------------+-------+-------+-------++-------
  Melee: Hand axe          |    80 |    30 |       ||   110
         Punch             |     1 |     1 |     1 ||     3
         War axe           |       |    18 |       ||    18
         Mace              |       |    46 |    47 ||    93
  Throw: Stone             |     4 |     3 |    16 ||    23
         Javelin           |       |     2 |       ||     2
 Invoke: Fiery Armour      |     1 |     1 |     1 ||     3
 Armour: Robe              |    12 |       |       ||    12
         Leather armour    |     9 |    13 |       ||    22
         Scale mail        |       |    17 |    44 ||    61
  Dodge: Dodged            |    37 |    73 |    48 ||   158
